 Dungeon Crawl Stone Soup version 0.27-a0-681-g0c81a3c1c3 (webtiles) character file.

Game seed: 2029221868444500441

57 robertstho the Ruffian (level 4, -6/31 HPs)
             Began as an Octopode Berserker on Mar 19, 2021.
             Was a Follower of Trog.
             Killed by nerve-wracking pain
             ... invoked by Grinder
              (7 damage)
             ... while paralysed by Grinder
             ... on level 3 of the Dungeon.
             The game lasted 00:01:46 (1649 turns).

robertstho the Ruffian (Octopode Berserker)         Turns: 1649, Time: 00:01:46

Health: -6/31      AC:  1    Str: 17    XL:     4   Next: 0%
Magic:  4/4        EV:  2    Int:  9    God:    Trog [*.....]
Gold:   13         SH:  0    Dex: 11    Spells: 3/3 levels left

rFire    . . .     SeeInvis .     - Unarmed
rCold    . . .     Faith    .   (no shield)
rNeg     . . .     Spirit   .   (helmet restricted)
rPois    .         Reflect  .   (no amulet)
rElec    .         Harm     .   (no ring)
rCorr    .         Rampage  .   (no ring)
Will     .....                  (no ring)
Stlth    +++.......             (no ring)
HPRegen  0.10/turn              (no ring)
MPRegen  0.09/turn              (no ring)
                                (no ring)
                                (no ring)

@: paralysed
A: almost no armour, amphibious, 8 rings, camouflage 1, gelatinous body 1,
nimble swimmer 1, tentacles
a: Renounce Religion, Berserk


You were on level 3 of the Dungeon.
You worshipped Trog.
Trog was aware of your devotion.
You visited 1 branch of the dungeon, and saw 3 of its levels.

You collected 61 gold pieces.
You spent 48 gold pieces at shops.

Inventory:

Potions
 a - 2 potions of curing
 b - a potion of attraction {unknown}


   Skills:
 * Level 3.4 Fighting
 * Level 3.5 Dodging
 * Level 1.5 Stealth
 * Level 3.7 Unarmed Combat


You had 3 spell levels left.
You didn't know any spells.
Your spell library was empty.

Dungeon Overview and Level Annotations

Branches:
Dungeon (3/15)

Altars:
Okawaru

Shops:
D:3 !

Annotations:
D:3 Grinder, Ijyb


Innate Abilities, Weirdness & Mutations

You cannot wear most types of armour.
You are amphibious.
You can wear up to eight rings at the same time.
Your skin changes colour to match your surroundings (Stealth+).
Your rubbery body absorbs attacks. (AC +1, EV +1)
You are stealthy while swimming. (Stealth+)
You have tentacles for arms and can constrict up to eight enemies at once.


Message History

You have reached level 4!
There is an open door here.
You feel a strong urge to attack something.
You are no longer berserk.
You are exhausted.
You feel yourself slow down.
You start resting.
You feel yourself speed up.
You start resting.
You recover from your berserk rage.
You start resting.
HP restored.
There is an open door here.
You open the large door.
There is a large open door here.
There is a large open door here.
You open the door.
There is an open door here.
You open the door.
A kobold, Grinder and a dart slug come into view.
Found 3 boomerangs.
There are monsters nearby!
Ijyb the Twisted Goblin comes into view.
She is wielding a +0 dagger and carrying a wand of random effects (16).
There is an open door here.
A hobgoblin comes into view.
Ijyb screams, "Me very upset!"
Grinder shouts!
The kobold shouts!
The hobgoblin shouts!
Grinder gestures at you.
You suddenly lose the ability to move!
Grinder gestures at you.
You shrug off the repeated paralysis!
Ijyb hits you with a +0 dagger! Grinder hits you!
You writhe in agony.
The kobold hits you with a +0 whip!
* * * LOW HITPOINT WARNING * * *
Ijyb hits you with a +0 dagger.
* * * LOW HITPOINT WARNING * * *
Grinder says, "I used to sell toenails on the black market."
Grinder gestures at you. Pain shoots through your body!
You die...

#####'##
#......#
..#......#
.........#
.#.####'## #
#.#
.##+###'#####
............#
......g@....#
......5K....#
......w.....#
#.........g.#
#...........#
#.............
#..............
######.........


You could see Grinder, Ijyb, a dart slug, a hobgoblin and a kobold.

Vanquished Creatures
  An adder (D:2)
  A white imp (D:3)
  3 dart slugs
  A worm (D:2)
  A leopard gecko (D:2)
  2 bats (D:2)
  2 giant cockroaches (D:2)
  8 goblins
  3 hobgoblins
  2 quokkas
  3 kobolds (D:2)
  3 rats
30 creatures vanquished.

Notes
Turn   | Place    | Note
-------+----------+-------------------------------------------
     0 | D:1      | robertstho the Octopode Berserker began the quest for the
                  | Orb.
     0 | D:1      | Reached XP level 1. HP: 16/16 MP: 1/1
    58 | D:1      | You fall into a shaft and drop 1 floor!
   179 | D:2      | Reached XP level 2. HP: 21/21 MP: 2/2
   385 | D:2      | Reached skill level 1 in Stealth
   385 | D:2      | Reached XP level 3. HP: 26/26 MP: 3/3
   458 | D:2      | Found an iron altar of Okawaru.
  1274 | D:3      | Found Quilekih's Distillery.
  1360 | D:3      | Bought a potion of curing for 36 gold pieces
  1360 | D:3      | Bought a potion of degeneration for 12 gold pieces
  1395 | D:3      | Reached XP level 4. HP: 10/31 MP: 4/4
  1643 | D:3      | Noticed Grinder
  1644 | D:3      | Noticed Ijyb
  1646 | D:3      | Paralysed by Grinder for 7 turns
  1649 | D:3      | HP: 1/31 [Ijyb/+0 dagger (3)]
  1649 | D:3      | Killed from afar by Grinder

Illustrated notes

Levels and vault maps discovered:
D:1:      nicolae_arrival_memento_mori, layout_rooms, kennysheep_small_spiral
D:2:      layout_basic, okawaru_metal_pillars_1_2
D:3:      layout_basic, kennysheep_slug_shrine, serial_shops,
          nicolae_shop_statue_plus, uniq_ijyb, uniq_grinder

Skill      XL: |  1  2 |
---------------+-------+-----
Stealth        | 1 |  1.5
Fighting       | |  3.4
Dodging        | |  3.5
Unarmed Combat | |  3.7

Action                   |  1- 3 |  4- 6 || total
-------------------------+-------+-------++-------
Melee: Unarmed           |    55 |       ||    55
       Constrict         |    19 |       ||    19
       Tentacles         |    13 |       ||    13
Invok: Berserk           |     1 |       ||     1
 Stab: Sleeping          |     7 |       ||     7
Armor: Skin              |     4 |       ||     4
Dodge: Dodged            |    19 |       ||    19

Table legend: (Time is in decaauts)
 A = Elapsed time spent in this place.
 B = Non-inter-level travel time spent in this place.
 C = Inter-level travel time spent in this place.
 D = Time resting spent in this place.
 E = Time spent auto-exploring this place.
 F = Levels seen in this place.
 G = Mean time per level.
                   A        B        C        D        E       F      G
               +--------+--------+--------+--------+--------+-----+--------+
         Total |   1654 |   1590 |     64 |    239 |   1180 |   3 |  551.3 |
       Dungeon |   1654 |   1590 |     64 |    239 |   1180 |   3 |  551.3 |
               +--------+--------+--------+--------+--------+-----+--------+

Top non-repeatable levels by time:
     D:2: 1114 daAuts
     D:3: 482 daAuts
     D:1: 57 daAuts
